AoeStats
← OfFspRlNg

African Clearing

510931513Analyzed
4v4 RM · 17h ago on Oct 3, 2026· 61m 22s· 8 players
Game mode
Random Map
Map size
Large (8 player)
Population
200
Speed
Normal
Resources
Standard
Victory
Conquest
Starting age
Dark Age
Ending age
Imperial Age
RankedLock teamsTeams togetherTeam positionsShared explorationLock speedFull tech treeHidden civsTurbo modeCheats
Victory
Defeat
🇩🇿 Huns · Algeria
1366
+17
🇺🇸 Malians · United States
1354
+17
🇦🇷 Magyars · Argentina
1309
+19
🇵🇪 Varangians · Peru
1216
+24
🇨🇳 Vietnamese · China
1444
-22
🇹🇼 Danes · Taiwan
1412
-20
🇨🇳 Magyars · China
1398
-20
🇨🇳 Persians · China
1272
-15
OfFspRlNg
13:30 Feudal Age
11:48 Loom
18:08 Castle Age
16:17 Double-Bit Axe
17:46 Horse Collar
25:21 Forging
26:27 Squires
27:43 Wheelbarrow
28:34 Iron Casting
28:40 Bow Saw
28:23 Arson
28:51 Bloodlines
34:03 Imperial Age
31:43 Husbandry
31:55 Heavy Plow
33:40 Scale Barding Armor
34:41 Hand Cart
34:08 Heavy Camel Rider
37:18 Conscription
38:40 Chain Barding Armor
38:55 Gold Mining
39:14 Farimba
40:06 Elite Gbeto
42:42 Plate Barding Armor
42:08 Scale Mail Armor
45:22 Light Cavalry
54:38 Chain Mail Armor
Christ
13:33 Feudal Age
11:50 Loom
13:36 Feudal Age
15:51 Double-Bit Axe
18:33 Castle Age
19:24 Bloodlines
19:23 Scale Barding Armor
19:58 Bow Saw
20:57 Forging
21:42 Chain Barding Armor
27:46 Husbandry
28:24 Iron Casting
29:34 Wheelbarrow
37:39 Vendel Legacy
43:24 Imperial Age
41:09 Hand Cart
40:48 Horse Collar
42:34 Fletching
43:50 Devotion
44:29 Conscription
44:47 Plate Barding Armor
45:13 Blast Furnace
43:37 Cavalier
44:56 Ballistics
45:12 Town Watch
45:45 Light Cavalry
47:51 Hussar
50:16 Chemistry
49:12 Bodkin Arrow
50:51 Treadmill Crane
52:41 Masonry
53:53 Heavy Plow
54:24 Architecture
55:16 Bracer
59:55 Crop Rotation
60:28 Two-Man Saw
felixaleman1010
9:14 Loom
10:24 Loom
12:46 Feudal Age
13:58 Double-Bit Axe
17:43 Castle Age
16:30 Gold Mining
16:24 Horse Collar
18:51 Light Cavalry
33:01 Fletching
WololoMyEx
8:53 Loom
15:26 Feudal Age
16:04 Double-Bit Axe
18:48 Wheelbarrow
21:32 Castle Age
20:21 Horse Collar
29:03 Bow Saw
30:58 Heavy Plow
33:55 Pikeman
37:52 Scale Mail Armor
41:33 Imperial Age
39:15 Squires
39:02 Arson
40:38 Chain Mail Armor
40:34 Forging
42:12 Forging
41:43 Halberdier
43:32 Iron Casting
42:25 Capped Ram
43:16 Siege Ram
47:05 Blast Furnace
46:49 Conscription
46:51 Fletching
48:44 Two-Man Saw
49:11 Hand Cart
50:43 Gold Mining
50:44 Stone Mining
51:10 Stone Mining
52:00 Gold Shaft Mining
53:05 Bodkin Arrow
53:32 Ballistics
54:13 Chemistry
53:25 Masonry
53:10 Murder Holes
53:08 Town Watch
60:50 Town Patrol
61:03 Elite Tarkan
Rain
6:18 Loom
14:40 Feudal Age
18:49 Castle Age
17:30 Double-Bit Axe
18:16 Horse Collar
20:03 Bow Saw
21:41 Wheelbarrow
24:32 Scale Barding Armor
26:53 Gold Mining
28:12 Chain Barding Armor
29:20 Gold Shaft Mining
30:20 Hand Cart
31:38 Bloodlines
31:46 Stone Mining
37:03 Corvinian Army
48:02 Imperial Age
46:43 Thumb Ring
48:12 Fletching
48:52 Padded Archer Armor
thomas89671173
4:57 Loom
14:34 Feudal Age
18:43 Castle Age
16:38 Double-Bit Axe
16:35 Horse Collar
22:06 Fletching
25:23 Scale Mail Armor
28:03 Chain Mail Armor
30:53 Wheelbarrow
34:08 Town Watch
36:14 Forging
36:40 Squires
36:25 Arson
37:12 Hamask
40:20 Iron Casting
44:50 Imperial Age
44:53 Elite Jomsviking
45:53 Conscription
47:39 Blast Furnace
47:10 Plate Mail Armor
93老玩家回归
14:16 Feudal Age
16:09 Double-Bit Axe
18:57 Castle Age
17:13 Scale Barding Armor
18:43 Forging
18:25 Loom
20:08 Chain Barding Armor
27:52 Bow Saw
28:59 Horse Collar
29:13 Gold Mining
29:15 Stone Mining
32:41 Stone Shaft Mining
33:38 Wheelbarrow
36:33 Imperial Age
35:19 Hand Cart
34:50 Town Watch
35:28 Heavy Plow
36:03 Fletching
36:14 Padded Archer Armor
36:56 Thumb Ring
38:03 Ballistics
37:23 Treadmill Crane
38:44 Chemistry
37:44 Bodkin Arrow
38:04 Leather Archer Armor
38:26 Bracer
39:20 Elite Rattan Archer
40:59 Ring Archer Armor
42:02 Paper Money
43:39 Two-Man Saw
43:28 Husbandry
43:39 Bloodlines
42:51 Elite Battle Elephant
44:21 Masonry
45:20 Plate Barding Armor
45:20 Iron Casting
46:57 Light Cavalry
48:23 Crossbowman
49:49 Bombard Tower
48:55 Arbalester
88老玩家回归
9:11 Loom
13:33 Feudal Age
19:00 Castle Age
19:52 Padded Archer Armor
21:04 Fletching
24:50 Wheelbarrow
24:46 Horse Collar
26:49 Double-Bit Axe
29:21 Heavy Plow
31:17 Husbandry
31:47 Bloodlines
32:03 Gold Mining
33:23 Gold Shaft Mining
33:39 Hand Cart
34:00 Forging
39:06 Imperial Age
36:48 Scale Barding Armor
37:55 Bow Saw
38:48 Cavalier
39:50 Conscription
41:38 Iron Casting
43:02 Chemistry
42:27 Ballistics
42:21 Savar
43:21 Pikeman
44:01 Squires
45:34 Chain Barding Armor
46:16 Blast Furnace
45:22 Halberdier
47:47 Plate Barding Armor
48:03 Scale Mail Armor
50:34 Chain Mail Armor
Connection lost

Rejoining the realm…

Still unreachable

The connection could not be restored.

Session expired

The server has moved on; the page needs a fresh start.